[Event "Danish Skakligaen 2024-25"]
[Site "Denmark"]
[Date "2024.11.03"]
[Round "2.3"]
[White "Sorensen, Jan"]
[Black "Haubro, Martin"]
[Result "0-1"]
[ECO "B53"]
[WhiteElo "2370"]
[BlackElo "2375"]
[Annotator "RC"]
[PlyCount "86"]
[EventDate "2024.11.02"]
[EventType "team-tourn"]
[EventCountry "DEN"]
[SourceTitle "playchess.com"]
[Source "ChessBase"]
[SourceQuality "1"]
[TimeControl "40/5400+30:1800+30"]

1. e4 c5 2. Nf3 d6 3. d4 cxd4 4. Qxd4 Nc6 5. Bb5 Bd7 6. Qd3 g6 7. O-O Bg7 8. c4 Nf6 9. Nc3 O-O 10. h3 a6 11. Bxc6 Bxc6 12. Nd4 Qb6 13. Nc2 Nd7 14. Rb1 Nc5 15. Qe3 Bxc3 16. Qxc3 Nxe4 17. Qe1 Qc5 18. b3 b5 19. Be3 Qh5 20. Nd4 Bb7 21. f3 Nc5 22. cxb5 axb5 23. Qd2 Qd5 24. Rfd1 Ne6 25. Qe2 Nxd4 26. Rxd4 Qe5 27. Qd2 Rfc8 28. Rh4 Bxf3 29. Rf1 Rxa2 30. Qxa2 Qxe3+ 31. Qf2 Qxf2+ 32. Rxf2 Bd5 33. Rb4 Rc5 34. Ra2 f5 35. Kf2 Kf7 36. g4 Kf6 37. Re2 Be4 38. gxf5 gxf5 39. Rbxe4 fxe4 40. Rxe4 h5 41. Rb4 e5 42. Ke3 d5 43. Kd3 d4 0-1

[Event "Danish Skakligaen 2024-25"]
[Site "Denmark"]
[Date "2024.11.03"]
[Round "2.3"]
[White "Hald Falkesgaard, Jeppe"]
[Black "Pajeken, Jakob Leon"]
[Result "0-1"]
[ECO "A20"]
[WhiteElo "2266"]
[BlackElo "2417"]
[Annotator "TA"]
[PlyCount "68"]
[EventDate "2024.11.02"]
[EventType "team-tourn"]
[EventCountry "DEN"]
[SourceTitle "playchess.com"]
[Source "ChessBase"]
[SourceQuality "1"]
[TimeControl "40/5400+30:1800+30"]

1. c4 e5 2. g3 Nf6 3. Bg2 Bc5 4. Nc3 O-O 5. e3 Nc6 6. Nge2 d5 7. cxd5 Nb4 8. d4 exd4 9. exd4 Be7 {[%emt 0:00:18][%cal Rb4d5] The position is equal.} 10. O-O Nbxd5 11. Nf4 Nxf4 12. Bxf4 Bd6 13. Bxd6 Qxd6 14. d5 a6 15. Rc1 Bf5 16. Qb3 Rfe8 17. Rfe1 b5 18. a4 b4 19. Ne2 Be4 20. Nf4 Bxg2 21. Rxe8+ Rxe8 22. Kxg2 g5 23. Nh3 ({Don't play} 23. Rc6 Qe5 24. Qe3 Qxe3 (24... gxf4 25. Qxe5 Rxe5 26. Rxf6 $11) (24... Qxb2 25. Nd3 $11) 25. fxe3 Kg7 $15) (23. Nd3 $1 $11 {remains equal.}) 23... h6 {[%emt 0:04:59] Black is more active.} (23... Qxd5+ 24. Qxd5 Nxd5 25. Nxg5 $11) (23... Re2 {seems wilder.} 24. Ng1 Rd2 25. Rd1 Rxd1 26. Qxd1 c5) 24. Rc6 Qxd5+ 25. Qxd5 Nxd5 26. Rxa6 $2 $17 {[%emt 0:00:59][%mdl 4096] Endgame. [#] KRN-KRN. This move loses the game for White.} (26. Kf1 $15) 26... Re2 $1 $19 27. Ra5 c6 28. Rc5 $2 (28. b3) 28... Rxb2 29. Rxc6 g4 30. Ng1 Ne3+ 31. Kh1 Rxf2 32. Rxh6 b3 {[%emt 0:00:20] [#] ( -> ...Nf1)} 33. h3 Nf5 34. hxg4 Nxg3# {[%emt 0:00:05] Weighted Error Value: White=0.86/Black=0.07 (flawless) .  Mistake:       	White=3     	---        Inaccurate:     	White=3     	---        OK:         	White=8     	Black=11     Best:        	---       	Black=1      Strong:       	---       	Black=1} 0-1

[Event "Danish Skakligaen 2024-25"]
[Site "Denmark"]
[Date "2024.11.03"]
[Round "2.3"]
[White "Abildlund, Jens"]
[Black "Sylvan, Jacob"]
[Result "1/2-1/2"]
[ECO "A46"]
[WhiteElo "2181"]
[BlackElo "2329"]
[Annotator "RC"]
[PlyCount "41"]
[EventDate "2024.11.02"]
[EventType "team-tourn"]
[EventCountry "DEN"]
[SourceTitle "playchess.com"]
[Source "ChessBase"]
[SourceQuality "1"]
[TimeControl "40/5400+30:1800+30"]

1. d4 Nf6 2. Nf3 d5 3. c3 g6 4. Bf4 Bg7 5. Nbd2 O-O 6. e3 b6 7. Be2 c5 8. Ne5 Bb7 9. O-O Nc6 10. Ndf3 Nh5 11. Nxc6 Bxc6 12. Bg5 f6 13. Bh4 g5 14. Ne1 gxh4 15. Bxh5 e5 16. f4 e4 17. g4 hxg3 18. hxg3 f5 19. Kf2 cxd4 20. cxd4 Be8 21. Rh1 1/2-1/2

[Event "Danish Skakligaen 2024-25"]
[Site "Denmark"]
[Date "2024.11.03"]
[Round "2.4"]
[White "Schandorff, Lars"]
[Black "Meskenas, Paulius"]
[Result "1-0"]
[ECO "D05"]
[WhiteElo "2471"]
[BlackElo "2264"]
[Annotator "TA"]
[PlyCount "51"]
[EventDate "2024.11.02"]
[EventType "team-tourn"]
[EventCountry "DEN"]
[SourceTitle "playchess.com"]
[Source "ChessBase"]
[SourceQuality "1"]
[TimeControl "40/5400+30:1800+30"]

1. d4 Nf6 2. Nf3 d5 3. e3 e6 4. Bd3 Bd6 5. Nbd2 c5 6. dxc5 Bxc5 7. O-O Nc6 8. a3 {[%emt 0:03:01] White has an edge.} a5 9. b3 O-O 10. Bb2 Nd7 (10... Qe7 $11) 11. c4 $14 f5 ({Better is} 11... b6 $14) 12. cxd5 $16 exd5 13. Qc2 g6 14. Rac1 Be7 15. Bb5 {[%emt 0:08:15] White is more active.} Ndb8 {[%emt 0:02:00] This move loses the game for Black.} (15... Na7 $16) 16. Rfd1 {[%emt 0:01:31] And now Nb1 would win.} Qb6 17. Be2 $40 {[%emt 0:12:57][%cal Oe3e4][%mdl 128] Strongly threatening e4! White wants a kill.} Na6 $2 {[%emt 0:07:15] [#]} (17... Be6 {is tougher.} 18. h4 h6) 18. Nc4 $1 Qc5 {[%emt 0:04:44] [#]} (18... Qc7 19. Rxd5) 19. Rxd5 $3 {[%emt 0:02:02][%mdl 512] White is clearly winning.} Qxd5 20. Nb6 Qd8 21. Bc4+ Rf7 22. Qc3 Bf6 23. Qxf6 Qxf6 24. Bxf6 {[%emt 0:00:04] This pair of bishops is nice.} Kf8 {[%emt 0:00:45] Black is weak on the dark squares} 25. Bxf7 Kxf7 26. Be5 {[%emt 0:00:56] Weighted Error Value: White=0.25 (precise) /Black=0.56.  Mistake:       	---       	Black=4      Inaccurate:     	White=2     	Black=1      OK:         	White=6     	Black=2      Best:        	White=3     	Black=2} 1-0

[Event "Danish Skakligaen 2024-25"]
[Site "Denmark"]
[Date "2024.11.03"]
[Round "2.4"]
[White "Licznerski, Lukasz"]
[Black "Aabling-Thomsen, Jakob"]
[Result "1-0"]
[ECO "B38"]
[WhiteElo "2422"]
[BlackElo "2331"]
[Annotator "TA"]
[PlyCount "93"]
[EventDate "2024.11.02"]
[EventType "team-tourn"]
[EventCountry "DEN"]
[SourceTitle "playchess.com"]
[Source "ChessBase"]
[SourceQuality "1"]
[TimeControl "40/5400+30:1800+30"]

1. e4 c5 2. Nf3 g6 3. d4 cxd4 4. Nxd4 Nc6 5. c4 Bg7 6. Be3 Nf6 7. Nc3 O-O 8. Be2 Nxd4 9. Bxd4 d6 10. O-O Bd7 11. h3 Bc6 12. Qc2 a5 13. Rad1 Qc7 14. Rfe1 {[%emt 0:04:40] White is slightly better.} Nd7 15. Bxg7 Kxg7 16. Bf1 (16. Nd5 {is more complex.} Bxd5 17. exd5 Qc5 18. Qd2) 16... Kg8 17. Nd5 Bxd5 18. exd5 b5 19. Rxe7 Rfe8 20. Qe4 {[%emt 0:25:46] White has more active pieces.} Rxe7 21. Qxe7 {[%emt 0:00:03] Strongly threatening c5.} bxc4 22. Rc1 Ra7 23. Rxc4 Qb8 {[%emt 0:07:01] [#] Black is weak on the light squares} (23... Nc5 $16 24. Qf6 Qe7) 24. Rc6 $1 $18 Ne5 {[%emt 0:01:13] [#]} 25. Rc8+ $3 Qxc8 26. Qxa7 {[%emt 0:00:08][%mdl 4096] Endgame. KQB-KQN} Qd8 27. Qa6 Qc7 28. a3 (28. Qb5 $18) 28... Qc5 $16 29. Qb5 Qd4 $2 (29... Kg7 $16 30. Qxc5 dxc5) 30. Qxa5 $18 {[%emt 0:02:07] White is clearly winning.} Qxb2 31. Qd8+ Kg7 32. Qxd6 Qa1 33. Qb4 Nd3 34. Qd2 Nc5 35. d6 Nd7 (35... Qxa3 $142 36. Qd4+ Kg8) 36. Qb4 {[%emt 0:00:29] Threatens to win with a4.} Qe5 37. a4 {[%emt 0:06:37] a5 is the strong threat.} Nc5 38. Qd2 Ne4 (38... Nb3 $142 39. Qd1 (39. Qe3 Qxe3 40. fxe3 Kf8 $18) 39... Nd4) 39. Qe3 {[%emt 0:00:03] d7 would now be deadly.} Qd5 {[%emt 0:00:16] [#]} 40. d7 $1 {[%emt 0:00:25] White wants to mate with Qd3.} Nf6 41. Qd3 Qxd7 42. Qxd7 Nxd7 {[%emt 0:00:03] KB-KN} 43. a5 Kf6 44. a6 Ke7 45. a7 Nb6 46. Ba6 Kd7 47. Bb7 {[%emt 0:00:00] Weighted Error Value: White=0.22 (precise) /Black=0.51.  Loses game:     	---       	Black=1      Mistake:       	White=1     	Black=3      Inaccurate:     	White=1     	Black=3      OK:         	White=11    	Black=11     Best:        	White=1     	Black=1      Strong:       	White=1     	---        Brilliant:      	White=1     	---} 1-0

[Event "Danish Skakligaen 2024-25"]
[Site "Denmark"]
[Date "2024.11.03"]
[Round "2.4"]
[White "Kristensen, Kaare Hove"]
[Black "Hoiberg, Nina"]
[Result "1-0"]
[ECO "D30"]
[WhiteElo "2307"]
[BlackElo "2091"]
[Annotator "RC"]
[PlyCount "95"]
[EventDate "2024.11.02"]
[EventType "team-tourn"]
[EventCountry "DEN"]
[SourceTitle "playchess.com"]
[Source "ChessBase"]
[SourceQuality "1"]
[TimeControl "40/5400+30:1800+30"]

1. d4 d5 2. Nf3 Nf6 3. c4 e6 4. Bg5 h6 5. Bxf6 Qxf6 6. e3 Bb4+ 7. Nc3 O-O 8. Qb3 Bxc3+ 9. Qxc3 c5 10. cxd5 cxd4 11. Qxd4 Qxd4 12. Nxd4 exd5 13. Rc1 Bd7 14. Rc7 Bc6 15. b4 a6 16. Kd2 Re8 17. Be2 Kf8 18. Rc1 Re7 19. Rc8+ Re8 20. Rc7 Re7 21. Rc8+ Re8 22. Rxe8+ Kxe8 23. Bf3 g6 24. a4 Bxa4 25. Bxd5 Nc6 26. Nxc6 bxc6 27. Rxc6 Rd8 28. Rc5 Ke7 29. Kc3 f6 30. Bc4 Rd6 31. Ra5 Bb5 32. Bxb5 axb5 33. Rxb5 Rd1 34. Rc5 Kd6 35. Rc4 Rc1+ 36. Kb3 Rb1+ 37. Ka2 Rg1 38. g3 Rg2 39. Rf4 f5 40. Ka3 Kc6 41. h4 h5 42. Kb3 Kb5 43. Kc3 Rg1 44. Kd4 Rc1 45. Ke5 Rc8 46. Kf6 Rc6+ 47. Kf7 Ka4 48. e4 1-0

[Event "Danish Skakligaen 2024-25"]
[Site "Denmark"]
[Date "2024.11.03"]
[Round "2.4"]
[White "Jacobsen, Mikkel Manosri"]
[Black "Baekgaard, Martin"]
[Result "1-0"]
[ECO "A13"]
[WhiteElo "2289"]
[BlackElo "2263"]
[Annotator "RC"]
[PlyCount "67"]
[EventDate "2024.11.02"]
[EventType "team-tourn"]
[EventCountry "DEN"]
[SourceTitle "playchess.com"]
[Source "ChessBase"]
[SourceQuality "1"]
[TimeControl "40/5400+30:1800+30"]

1. c4 e6 2. g3 d5 3. Bg2 Nf6 4. Nf3 dxc4 5. Qa4+ Nbd7 6. Qxc4 a6 7. Qc2 c5 8. Nc3 Qc7 9. d4 b5 10. Bf4 Qb6 11. Ne5 Bb7 12. Nxd7 Nxd7 13. d5 Nf6 14. e4 exd5 15. exd5 Bd6 16. Bg5 Be5 17. O-O O-O 18. Rad1 h6 19. Be3 Rac8 20. Rfe1 Bd4 21. Qd2 b4 22. Bxd4 cxd4 23. Ne4 Nxe4 24. Bxe4 Rfe8 25. Bf3 Rxe1+ 26. Qxe1 Qf6 27. Qe4 d3 28. Qxd3 a5 29. Bg4 Rd8 30. Qb5 Qa6 31. Qxa6 Bxa6 32. f4 Bc4 33. b3 Rxd5 34. bxc4 1-0

[Event "Danish Skakligaen 2024-25"]
[Site "Denmark"]
[Date "2024.11.03"]
[Round "2.4"]
[White "Jorgensen, Brian Jorgen"]
[Black "Thorsen, Adrian Stenstrop"]
[Result "1/2-1/2"]
[ECO "A27"]
[WhiteElo "2179"]
[BlackElo "2206"]
[Annotator "RC"]
[PlyCount "105"]
[EventDate "2024.11.02"]
[EventType "team-tourn"]
[EventCountry "DEN"]
[SourceTitle "playchess.com"]
[Source "ChessBase"]
[SourceQuality "1"]
[TimeControl "40/5400+30:1800+30"]

1. c4 e5 2. Nc3 Nc6 3. Nf3 f5 4. d4 e4 5. Ng5 h6 6. Nh3 g5 7. f3 Bb4 8. fxe4 fxe4 9. Nf2 Nf6 10. e3 O-O 11. Bd2 Qe7 12. Be2 Nxd4 13. exd4 e3 14. O-O exd2 15. Qxd2 d5 16. cxd5 Bf5 17. Bc4 Kg7 18. Rae1 Qd6 19. Bd3 Nxd5 20. Bxf5 Rxf5 21. Nfe4 Qg6 22. Rxf5 Qxf5 23. Ng3 Qf7 24. Rf1 Nf4 25. Qc2 Rf8 26. Nce4 Ba5 27. Kh1 Bb6 28. Nc5 h5 29. h4 Qd5 30. hxg5 h4 31. Rxf4 hxg3 32. Rxf8 Kxf8 33. Qe4 Qxe4 34. Nxe4 Bxd4 35. Nxg3 Bxb2 36. Ne4 Kf7 37. g4 b6 38. Kg2 Kg6 39. Kf3 Bc1 40. Nf2 Bxg5 41. Ke4 Bh4 42. Nd3 Kg5 43. Nb4 Kxg4 44. Na6 Bg3 45. a4 c5 46. a5 Bf4 47. Kd5 Be3 48. axb6 axb6 49. Kc4 Kf4 50. Nb8 Bd2 51. Nd7 Ba5 52. Nxc5 bxc5 53. Kxc5 1/2-1/2

[Event "Danish Skakligaen 2024-25"]
[Site "Denmark"]
[Date "2024.11.03"]
[Round "2.5"]
[White "Hoi, Carsten"]
[Black "Pedersen, Nicolai Vesterbaek"]
[Result "1/2-1/2"]
[ECO "D02"]
[WhiteElo "2301"]
[BlackElo "2344"]
[Annotator "RC"]
[PlyCount "31"]
[EventDate "2024.11.02"]
[EventType "team-tourn"]
[EventCountry "DEN"]
[SourceTitle "playchess.com"]
[Source "ChessBase"]
[SourceQuality "1"]
[TimeControl "40/5400+30:1800+30"]

1. d4 d5 2. Nf3 c5 3. c4 cxd4 4. cxd5 Nf6 5. Qxd4 Qxd5 6. Nc3 Qxd4 7. Nxd4 a6 8. g3 e5 9. Nb3 a5 10. Bg2 Nc6 11. O-O Bb4 12. Nb5 O-O 13. Nc7 Rb8 14. a3 Be7 15. Be3 a4 16. Nd2 1/2-1/2

[Event "Danish Skakligaen 2024-25"]
[Site "Denmark"]
[Date "2024.11.03"]
[Round "2.5"]
[White "Jorgensen, Brian"]
[Black "Aagaard, Jacob"]
[Result "0-1"]
[ECO "E73"]
[WhiteElo "2258"]
[BlackElo "2426"]
[Annotator "RC"]
[PlyCount "134"]
[EventDate "2024.11.02"]
[EventType "team-tourn"]
[EventCountry "DEN"]
[SourceTitle "playchess.com"]
[Source "ChessBase"]
[SourceQuality "1"]
[TimeControl "40/5400+30:1800+30"]

1. d4 Nf6 2. c4 g6 3. Nc3 Bg7 4. e4 d6 5. Be2 e5 6. dxe5 dxe5 7. Qxd8+ Kxd8 8. Bg5 h6 9. O-O-O+ Nbd7 10. Bh4 c6 11. f4 Ke8 12. fxe5 Nxe5 13. Nf3 Nfd7 14. Nxe5 Bxe5 15. Kc2 Nf6 16. Rhf1 g5 17. Bf2 Ng4 18. Bd4 Bxd4 19. Bxg4 Be5 20. Bxc8 Rxc8 21. h3 Ke7 22. Ne2 Rhd8 23. b3 b5 24. Rxd8 Rxd8 25. Rf3 Rb8 26. cxb5 cxb5 27. Nc3 Ke6 28. Nd5 h5 29. Kd3 Rg8 30. Rf2 Rc8 31. Rc2 Rxc2 32. Kxc2 f5 33. Kd3 f4 34. Ke2 Bd6 35. Nc3 b4 36. Nb1 g4 37. hxg4 hxg4 38. Nd2 Bc5 39. Nc4 Kf6 40. Nb2 Ke5 41. Nd3+ Kd4 42. Nxf4 Kxe4 43. Nd3 Bd6 44. Nf2+ Kf4 45. Nd3+ Ke4 46. Nf2+ Kf4 47. Nd3+ Kg3 48. Kf1 a5 49. Nc1 Kf4 50. Ke2 Ke4 51. Nd3 Kd4 52. Nf2 g3 53. Nd1 Bf4 54. Kf3 Bc7 55. Ke2 Bd8 56. Kd2 Bg5+ 57. Ke2 Bc1 58. Kf3 Kd3 59. Kxg3 Kc2 60. Nf2 Kb1 61. Nd3 Bg5 62. Ne5 Kxa2 63. Nc6 Kxb3 64. Nxa5+ Kc3 65. Kf3 Bd8 66. Nb7 Bb6 67. Nd6 Kd3 0-1

[Event "Danish Skakligaen 2024-25"]
[Site "Denmark"]
[Date "2024.11.03"]
[Round "2.5"]
[White "Ochsner, Thomas"]
[Black "Rostgaard, Tobias Valentin"]
[Result "0-1"]
[ECO "C54"]
[WhiteElo "2257"]
[BlackElo "2329"]
[Annotator "RC"]
[PlyCount "82"]
[EventDate "2024.11.02"]
[EventType "team-tourn"]
[EventCountry "DEN"]
[SourceTitle "playchess.com"]
[Source "ChessBase"]
[SourceQuality "1"]
[TimeControl "40/5400+30:1800+30"]

1. e4 e5 2. Nf3 Nc6 3. Bc4 Bc5 4. c3 Nf6 5. d3 O-O 6. O-O d5 7. exd5 Nxd5 8. Re1 Bg4 9. Nbd2 Nb6 10. Ne4 Nxc4 11. Nxc5 Nd6 12. h3 Bh5 13. g4 Bg6 14. Nxe5 Nxe5 15. Rxe5 b6 16. Nb3 Nc4 17. Re1 Qxd3 18. Qxd3 Bxd3 19. Bf4 Nxb2 20. Bxc7 Rfe8 21. Be5 Bc4 22. Bd4 f6 23. Kg2 Kf7 24. Kg3 h5 25. Rxe8 Rxe8 26. Nd2 Bd5 27. gxh5 Rh8 28. Rb1 Nd3 29. c4 Bc6 30. Rb3 Nc1 31. Re3 Rxh5 32. Nb3 Rg5+ 33. Kh4 Nxa2 34. c5 Nb4 35. cxb6 axb6 36. Rc3 Nd5 37. Rg3 Rf5 38. Rg4 Rf3 39. Rg3 g5+ 40. Kh5 Ne7 41. Kh6 Nf5+ 0-1

[Event "Danish Skakligaen 2024-25"]
[Site "Denmark"]
[Date "2024.11.03"]
[Round "2.5"]
[White "Easwaralingam, Adesh"]
[Black "Laursen, Niels Norskov"]
[Result "1/2-1/2"]
[ECO "B08"]
[WhiteElo "2202"]
[BlackElo "2183"]
[Annotator "RC"]
[PlyCount "29"]
[EventDate "2024.11.02"]
[EventType "team-tourn"]
[EventCountry "DEN"]
[SourceTitle "playchess.com"]
[Source "ChessBase"]
[SourceQuality "1"]
[TimeControl "40/5400+30:1800+30"]

1. e4 d6 2. d4 Nf6 3. Nc3 g6 4. Nf3 Bg7 5. Be2 O-O 6. O-O a6 7. a4 Nc6 8. h3 e5 9. dxe5 dxe5 10. Be3 Be6 11. Ng5 Qe7 12. Nxe6 Qxe6 13. Nd5 Qd6 14. Nxf6+ Qxf6 15. c3 1/2-1/2

[Event "Danish Skakligaen 2024-25"]
[Site "Denmark"]
[Date "2024.11.03"]
[Round "2.5"]
[White "Christensen, Benjamin"]
[Black "Hove, Esben Kjems"]
[Result "0-1"]
[ECO "B12"]
[WhiteElo "2057"]
[BlackElo "2283"]
[Annotator "RC"]
[PlyCount "84"]
[EventDate "2024.11.02"]
[EventType "team-tourn"]
[EventCountry "DEN"]
[SourceTitle "playchess.com"]
[Source "ChessBase"]
[SourceQuality "1"]
[TimeControl "40/5400+30:1800+30"]

1. e4 c6 2. d4 d5 3. e5 Bf5 4. Nf3 e6 5. Be2 Nd7 6. O-O a5 7. a4 f6 8. c4 fxe5 9. dxe5 Bc5 10. Nc3 Ne7 11. cxd5 Nxd5 12. Nxd5 cxd5 13. Bg5 Be7 14. Bxe7 Qxe7 15. Bb5 Bg4 16. h3 Bxf3 17. Qxf3 Rf8 18. Qe3 Kf7 19. Rac1 Rfc8 20. Rc3 Nc5 21. Rfc1 b6 22. Qd4 Kg8 23. f4 Rf8 24. Kh2 Rac8 25. R1c2 Qh4 26. g3 Qe7 27. Bd3 Qd7 28. Bb5 Qb7 29. Bd3 Rc7 30. g4 Rcf7 31. Rf2 Qd7 32. Bc2 g6 33. Rcf3 Qc7 34. Kh1 Nd7 35. Kg2 Qc5 36. Qd2 Kh8 37. Kg3 g5 38. fxg5 Rxf3+ 39. Rxf3 Qg1+ 40. Qg2 Rxf3+ 41. Kxf3 Nxe5+ 42. Kg3 Qe3+ 0-1

[Event "Danish Skakligaen 2024-25"]
[Site "Denmark"]
[Date "2024.11.03"]
[Round "2.6"]
[White "Percivaldi, Martin"]
[Black "Pedersen, Henrik Dahl"]
[Result "1-0"]
[ECO "D11"]
[WhiteElo "2387"]
[BlackElo "2251"]
[Annotator "RC"]
[PlyCount "63"]
[EventDate "2024.11.02"]
[EventType "team-tourn"]
[EventCountry "DEN"]
[SourceTitle "playchess.com"]
[Source "ChessBase"]
[SourceQuality "1"]
[TimeControl "40/5400+30:1800+30"]

1. d4 d5 2. c4 c6 3. Nf3 Nf6 4. e3 e6 5. b3 Nbd7 6. Bd3 Bb4+ 7. Nbd2 Qe7 8. Bb2 O-O 9. a3 Ba5 10. O-O c5 11. dxc5 Nxc5 12. Bc2 Nce4 13. Nxe4 dxe4 14. Bxf6 gxf6 15. Bxe4 f5 16. Bd3 Bc3 17. Ra2 Rd8 18. Qe2 e5 19. e4 f4 20. Rc2 Bd4 21. Nxd4 Rxd4 22. c5 Be6 23. Bc4 Rad8 24. Bxe6 Qxe6 25. b4 Rd3 26. b5 Rxa3 27. c6 bxc6 28. bxc6 Rc8 29. c7 Rb3 30. Qh5 Rb6 31. Rd1 h6 32. h3 1-0

[Event "Danish Skakligaen 2024-25"]
[Site "Denmark"]
[Date "2024.11.03"]
[Round "2.6"]
[White "Boe, Mads"]
[Black "Andreasen, Joan Hendrik"]
[Result "1/2-1/2"]
[ECO "C02"]
[WhiteElo "2271"]
[BlackElo "2189"]
[Annotator "RC"]
[PlyCount "54"]
[EventDate "2024.11.02"]
[EventType "team-tourn"]
[EventCountry "DEN"]
[SourceTitle "playchess.com"]
[Source "ChessBase"]
[SourceQuality "1"]
[TimeControl "40/5400+30:1800+30"]

1. e4 e6 2. d4 d5 3. e5 c5 4. c3 Nc6 5. Be3 Nge7 6. Bd3 Nf5 7. Nf3 Nxe3 8. fxe3 Be7 9. O-O Bd7 10. a3 Qc7 11. Nbd2 Rd8 12. b4 b6 13. Rc1 c4 14. Bc2 b5 15. e4 O-O 16. Rf2 a5 17. Nf1 axb4 18. axb4 dxe4 19. Bxe4 f6 20. exf6 Bxf6 21. Qc2 g6 22. Ne3 Bg7 23. Rcf1 Qf4 24. Re2 Qd6 25. Ref2 Qf4 26. Re2 Qd6 27. Ref2 Qf4 1/2-1/2

[Event "Danish Skakligaen 2024-25"]
[Site "Denmark"]
[Date "2024.11.03"]
[Round "2.6"]
[White "Liu, Casper"]
[Black "Sobjerg, Erik"]
[Result "0-1"]
[ECO "E65"]
[WhiteElo "2225"]
[BlackElo "2266"]
[Annotator "RC"]
[PlyCount "52"]
[EventDate "2024.11.02"]
[EventType "team-tourn"]
[EventCountry "DEN"]
[SourceTitle "playchess.com"]
[Source "ChessBase"]
[SourceQuality "1"]
[TimeControl "40/5400+30:1800+30"]

1. c4 Nf6 2. Nf3 g6 3. g3 Bg7 4. Bg2 d6 5. d4 O-O 6. O-O c5 7. Nc3 Nc6 8. h3 cxd4 9. Nxd4 Bd7 10. Be3 Qa5 11. Nb3 Qh5 12. g4 Bxg4 13. hxg4 Nxg4 14. Bf4 Be5 15. Qc1 g5 16. Bxe5 Ncxe5 17. Rd1 f5 18. Rd4 f4 19. Nd1 f3 20. exf3 Nxf3+ 21. Bxf3 Rxf3 22. Kf1 Raf8 23. Rxg4 Qxg4 24. c5 Rh3 25. Ke1 Qe4+ 26. Ne3 Rh1+ 0-1

[Event "Danish Skakligaen 2024-25"]
[Site "Denmark"]
[Date "2024.11.03"]
[Round "2.6"]
[White "Jakobsen, Peter"]
[Black "Rewitz, Jan"]
[Result "1-0"]
[ECO "E97"]
[WhiteElo "2215"]
[BlackElo "2071"]
[Annotator "RC"]
[PlyCount "49"]
[EventDate "2024.11.02"]
[EventType "team-tourn"]
[EventCountry "DEN"]
[SourceTitle "playchess.com"]
[Source "ChessBase"]
[SourceQuality "1"]
[TimeControl "40/5400+30:1800+30"]

1. d4 Nf6 2. c4 g6 3. Nc3 Bg7 4. e4 d6 5. Nf3 O-O 6. Be2 e5 7. O-O Nc6 8. d5 Ne7 9. b4 Ne8 10. c5 h6 11. a4 f5 12. Nd2 fxe4 13. Ndxe4 Nf5 14. Ba3 Rf7 15. b5 Nd4 16. Bd3 Bf8 17. a5 b6 18. axb6 axb6 19. cxb6 cxb6 20. Bb4 Rb8 21. Ra3 Qh4 22. f3 Rf5 23. Qe1 Qe7 24. Ne2 Rxf3 25. gxf3 1-0

[Event "Danish Skakligaen 2024-25"]
[Site "Denmark"]
[Date "2024.11.03"]
[Round "2.6"]
[White "Simonsen, Carsten"]
[Black "Stentebjerg-Hansen, Per"]
[Result "1-0"]
[ECO "B07"]
[WhiteElo "2168"]
[BlackElo "2191"]
[Annotator "RC"]
[PlyCount "47"]
[EventDate "2024.11.02"]
[EventType "team-tourn"]
[EventCountry "DEN"]
[SourceTitle "playchess.com"]
[Source "ChessBase"]
[SourceQuality "1"]
[TimeControl "40/5400+30:1800+30"]

1. d4 d6 2. e4 Nf6 3. Nc3 Nbd7 4. Nf3 e5 5. Rg1 Be7 6. g4 h6 7. Be3 c6 8. Qd2 b5 9. a3 Qc7 10. Be2 Bb7 11. g5 hxg5 12. Nxg5 a6 13. h3 Rc8 14. b3 Nf8 15. f4 Ng6 16. f5 Nf8 17. Bf3 N8d7 18. Qg2 Bf8 19. O-O-O exd4 20. Bxd4 Ne5 21. Kb2 Nh7 22. Ne6 fxe6 23. Bh5+ g6 24. Bxe5 1-0

[Event "Danish Skakligaen 2024-25"]
[Site "Denmark"]
[Date "2024.11.03"]
[Round "2.7"]
[White "Pedersen, Finn"]
[Black "Haubro, Sigfred"]
[Result "0-1"]
[ECO "A06"]
[WhiteElo "2273"]
[BlackElo "2124"]
[Annotator "RC"]
[PlyCount "132"]
[EventDate "2024.11.02"]
[EventType "team-tourn"]
[EventCountry "DEN"]
[SourceTitle "playchess.com"]
[Source "ChessBase"]
[SourceQuality "1"]
[TimeControl "40/5400+30:1800+30"]

1. Nf3 d5 2. d4 e6 3. Bf4 Be7 4. h3 Nf6 5. e3 c5 6. c3 Nbd7 7. Nbd2 a6 8. a4 b6 9. Bd3 Bb7 10. Qb1 Rc8 11. O-O h6 12. Ne5 c4 13. Be2 b5 14. axb5 axb5 15. b4 O-O 16. Bf3 Nxe5 17. Bxe5 Nd7 18. Bg3 Bf6 19. Bd6 Re8 20. Bg4 Rc6 21. Bc5 e5 22. Nf3 e4 23. Ne1 Nb6 24. Ra5 Na4 25. Qa1 Rxc5 26. Rxa4 Rc7 27. Ra5 Bc6 28. Nc2 g6 29. Ra6 h5 30. Be2 Bg5 31. Qa5 Qd7 32. Ra1 Bd8 33. Qa2 Rc8 34. Qb1 Bb7 35. Ra7 Bb6 36. R7a2 Qd6 37. h4 Qf6 38. g3 Kh7 39. Qd1 Rb8 40. Ne1 Bc7 41. Ng2 Qe7 42. Kf1 Qf6 43. Ke1 Rf8 44. Qd2 Rfe8 45. Bf1 Re7 46. Kd1 Bxg3 47. fxg3 Qxf1+ 48. Ne1 Bc8 49. Qg2 Bg4+ 50. Kd2 Qf5 51. Kc1 Bf3 52. Qf1 Qg4 53. Qf2 Kg7 54. Ra6 Rbb7 55. Ra8 Red7 56. Kd2 Rd6 57. Re8 Rf6 58. Raa8 Rf5 59. Rg8+ Kf6 60. Rgb8 Rxb8 61. Rxb8 Bd1 62. Qg2 Ba4 63. Nc2 Rf3 64. Na3 Rxg3 65. Qf1+ Rf3 66. Qe1 Qg2+ 0-1

[Event "Danish Skakligaen 2024-25"]
[Site "Denmark"]
[Date "2024.11.03"]
[Round "2.7"]
[White "Nord, Alexander"]
[Black "Borge, Nikolaj"]
[Result "0-1"]
[ECO "D02"]
[WhiteElo "2222"]
[BlackElo "2353"]
[Annotator "RC"]
[PlyCount "68"]
[EventDate "2024.11.02"]
[EventType "team-tourn"]
[EventCountry "DEN"]
[SourceTitle "playchess.com"]
[Source "ChessBase"]
[SourceQuality "1"]
[TimeControl "40/5400+30:1800+30"]

1. d4 d5 2. Nf3 Nf6 3. Bf4 c5 4. e3 Nc6 5. Nbd2 Nh5 6. dxc5 Nxf4 7. exf4 Qa5 8. c3 Qxc5 9. Bd3 g6 10. O-O Bg7 11. a3 O-O 12. Re1 Qd6 13. g3 Bg4 14. Qc2 Rac8 15. Kg2 Qd7 16. Qb3 a6 17. Qb6 f6 18. c4 d4 19. Ne4 e5 20. Nc5 Bxf3+ 21. Kxf3 Qh3 22. Be4 exf4 23. Bd5+ Kh8 24. Be6 f5 25. Bd5 d3 26. Ne6 g5 27. Nxg5 Qg4+ 28. Kg2 Qxg5 29. Qxb7 Ne5 30. Rad1 fxg3 31. hxg3 f4 32. Rxe5 Bxe5 33. Rxd3 fxg3 34. fxg3 Rb8 0-1